 Dungeon Crawl Stone Soup version 0.19-a0-188-ga21aea4 (webtiles) character file.

32 epen the Changer (level 3, 0/27 HPs)
             Began as a Merfolk Transmuter on May 23, 2016.
             Slain by a giant newt (1 damage)
             ... on level 1 of the Dungeon.
             The game lasted 00:02:22 (964 turns).

epen the Changer (Merfolk Transmuter)                Turns: 964, Time: 00:02:23

Health: 0/27       AC:  2    Str: 10    XL:     3   Next: 27%
Magic:  3/6        EV: 21    Int: 13    God:
Gold:   17         SH:  0    Dex: 19    Spells: 3 memorised, 0 levels left

rFire  . . .     SeeInvis .       - Unarmed
rCold  . . .     Gourm    .     (armour currently unavailable)
rNeg   . . .     Faith    .     (shield currently unavailable)
rPois  x         Spirit   .     (helmet currently unavailable)
rElec  .         Dismiss  .     (cloak currently unavailable)
rCorr  .         Reflect  .     (gloves currently unavailable)
SustAt .         Harm     .     (boots currently unavailable)
MR     .....                    (no amulet)
Stlth  +++.......               (no ring)
                                e - ring of stealth

@: lethally poisoned (0 -> -8), spider-form (expiring), not resistant to hostile
enchantments, fairly stealthy
A: (change form in water), (swift swim)
a: End Transformation


You were on level 1 of the Dungeon.
You were not hungry.
You were a venomous arachnid creature.
You visited 1 branch of the dungeon, and saw 1 of its levels.

You collected 17 gold pieces.

Inventory:

Missiles
 a - 12 arrows
Armour
 b - a +0 robe (melded)
Jewellery
 e - a ring of stealth (left front leg)
Scrolls
 g - a scroll of fog {unknown}
 h - a scroll of remove curse {unknown}
 i - a scroll of identify {unknown}
 j - a scroll of recharging {unknown}
 k - a scroll of amnesia {unknown}
Books
 c - a book of Changes

   Spells                             Type                      Level
   a - Beastly Appendage              Transmutation                1
   b - Sticks to Snakes               Transmutation                2
   c - Spider Form                    Transmutation/Poison         3
   d - Ice Form                       Ice/Transmutation            4
   e - Blade Hands                    Transmutation                5
Comestibles
 d - a bread ration
 f - a meat ration


   Skills:
 + Level 1.7 Fighting
 + Level 2.9 Dodging
 * Level 3.6 Unarmed Combat
 + Level 2.2 Spellcasting
 * Level 3.6 Transmutations


You couldn't memorise any spells.
You knew the following spells:

 Your Spells              Type           Power        Failure   Level  Hunger
a - Beastly Appendage     Trmt           ##....       21%         1    ##.....
b - Sticks to Snakes      Trmt           ##......     24%         2    ###....
c - Spider Form           Trmt/Pois      #.........   61%         3    ####...


Dungeon Overview and Level Annotations

Branches:
Dungeon (1/15)

Altars:


Message History

You hit the goblin.
You kill the goblin!
* * * LOW HITPOINT WARNING * * *
You feel sick. The giant newt completely misses you. The giant newt misses you.
You hit the hobgoblin.
The hobgoblin is severely wounded.
* * * LOW HITPOINT WARNING * * *
You feel sick. The hobgoblin hits you with a club.
* * * LOW HITPOINT WARNING * * *
The giant newt completely misses you. The giant newt closely misses you.
You bite the hobgoblin!
You kill the hobgoblin!
* * * LOW HITPOINT WARNING * * *
You feel sick. The giant newt misses you. The giant newt barely misses you.
You closely miss the giant cockroach.
* * * LOW HITPOINT WARNING * * *
You feel sick.
The giant cockroach bites you but does no damage.
The giant newt closely misses you. The giant newt bites you.
You die...

#.#.......#####
#.###..........
#.####...######.
.#.....†#####...
...#.#.#.#.#.#.#
.g.............#
..#.#.#†#.#.#.#
#............#
##.#.#.#s#.#.#
#.....†sll...#
####.#.#.#K#.###
..............#
.###.#.#.#.#.##
#...........#
#.#.#.#.#.#.##
#............#
#.# #.#.#.#.##


You could see a giant cockroach, a kobold and 2 giant newts.

Vanquished Creatures
  An ooze (D:1)
  2 dart slugs (D:1)
  A giant cockroach (D:1)
  4 goblins (D:1)
  3 hobgoblins (D:1)
  2 bats (D:1)
  3 kobolds (D:1)
  9 rats (D:1)
25 creatures vanquished.

Notes
Turn   | Place    | Note
--------------------------------------------------------------
     0 | D:1      | epen the Merfolk Transmuter began the quest for the Orb.
     0 | D:1      | Reached XP level 1. HP: 15/15 MP: 3/3
   147 | D:1      | Reached XP level 2. HP: 20/21 MP: 5/5
   294 | D:1      | Learned a level 2 spell: Sticks to Snakes
   786 | D:1      | Reached XP level 3. HP: 19/27 MP: 6/6
   892 | D:1      | Learned a level 3 spell: Spider Form
   964 | D:1      | HP: 1/27 [poisoned by a goblin]
   964 | D:1      | Slain by a giant newt

Vault maps used:
D:1:      onia_arrival_larder, st_stairs_11, minmay_strange_pillars

Skill      XL: |  1 |
---------------+----+-----
Transmutations | 3 |  3.6
Fighting       | |  1.7
Dodging        | |  2.9
Unarmed Combat | |  3.6
Spellcasting   | |  2.2

Action                   || total
-------------------------++-------
Melee: Unarmed           ||    85
       Punch             ||     1
 Cast: Spider Form       ||     1
 Stab: Sleeping          ||     1
Armor: Robe              ||    10
       Skin              ||     1
Dodge: Dodged            ||    63
